cohdb
Replays
Latest Replays
All Replays
Popular Replays
Top Player Replays
Match Explorer
How It Works
Community
CoH3 Stats
Reddit
Sign in to upload your games and track your stats! →
Sign in with Steam
Match 25490881
Unlisted
Match 25490881
Overview
Messages
Build Orders
End
Construct Infanterie Kompanie
Kettenkrad Recon Vehicle
Selects Breakthrough Battlegroup
Selects Breakthrough Battlegroup
MG 42 Machine Gun Team
GrW 34 Mortar Team
Construct Panzergrenadier Kompanie
Panzergrenadier Squad
Panzergrenadier Squad
Panzergrenadier Officer Quarters
Selects Assault Grenadiers
Selects Rapid Production
251 Medium Carrier
Pak 40 Anti-tank Gun Team
Pak 40 Anti-tank Gun Team
Support Elements
StuG III G Assault Gun
Selects Smoke Bombing Run
Pioneer Squad
Selects Blitzkrieg
Nebelwerfer 42 Rocket Launcher Team
Construct Panzer Kompanie
Side Skirts
Panzer Officer Quarters
Panzer IV Medium Tank
Selects Incendiary Bombing Run
Incendiary Bombing Run
Incendiary Bombing Run
251 Medium Carrier
Selects Tiger Heavy Tank
Tiger Heavy Tank
Pioneer Squad
Construct Luftwaffe Kompanie
BlimpAttack73
mrfrohdick
UH|dun! ツ
Aurelius
Evodius
Tomteknas
0
0
Comments
sign in to comment!
No comments posted yet!